 Dungeon Crawl Stone Soup version 0.18-a0-1070-gd466a24 (webtiles) character file.

2298 4thArraOfDagon the Cleaver (level 9, -7/121 HPs)
             Began as a Hill Orc Berserker on Jan 13, 2016.
             Was a Believer of Trog.
             Mangled by Snorg (19 damage)
             ... on level 11 of the Dungeon.
             The game lasted 00:11:15 (1734 turns).

4thArraOfDagon the Cleaver (Hill Orc Berserker)     Turns: 1734, Time: 00:11:15

Health: -7/121     AC:  6    Str: 25      XL:     9   Next: 40%
Magic:  9/9        EV: 11    Int: 10      God:    Trog [**....]
Gold:   36         SH:  0    Dex:  8 (10) Spells: 0 memorised, 8 levels left

rFire  . . .     SeeInvis .     u - +0 broad axe (elec)
rCold  . . .     Gourm    .     t - +0 troll leather armour
rNeg   . . .     Faith    .     (no shield)
rPois  +         Spirit   .     (no helmet)
rElec  .         Dismiss  .     (no cloak)
rCorr  .         Reflect  .     r - +0 pair of gloves
SustAt .         Harm     .     (no boots)
MR     ++...                    (no amulet)
Stlth  ..........               (no ring)
                                j - ring of poison resistance

@: berserking, regenerating, very quick, very resistant to hostile enchantments,
extremely unstealthy
A: no striking features
a: Berserk, Trog's Hand, Burn Spellbooks, Renounce Religion


You were on level 11 of the Dungeon.
You worshipped Trog.
Trog was pleased with you.
You were not hungry.

You visited 1 branch of the dungeon, and saw 11 of its levels.

You collected 116 gold pieces.
You spent 80 gold pieces at shops.

Inventory:

Hand Weapons
 u - a +0 broad axe of electrocution (weapon)
Armour
 m - a +0 plate armour
 r - a +0 pair of gloves (worn)
 t - a +0 troll leather armour (worn)
Magical Staves
 p - an uncursed staff of poison {unknown}
Jewellery
 j - a ring of poison resistance (left hand)
Wands
 f - a wand of magic darts (20/48)
 l - a wand of flame (39/48)
Scrolls
 a - a scroll of noise
 b - a scroll of recharging
 d - a scroll of teleportation {unknown}
 i - a scroll of fog {unknown}
 s - a scroll of remove curse
Potions
 e - a potion of brilliance
 g - a potion of flight
 n - a potion of magic
Comestibles
 c - a bread ration
 k - 3 meat rations
 o - 2 chunks of flesh
 q - 2 beef jerkies


   Skills:
 + Level 8.1 Fighting
 * Level 11.7 Axes
 + Level 7.1 Armour
 - Level 1.5 Dodging


You had 8 spell levels left.
You didn't know any spells.

Dungeon Overview and Level Annotations

Branches:
Dungeon (11/15)               Orc (0/2) D:11
 Temple: D:4-7         Lair: D:8-11

Altars:
Dithmenos
Okawaru

Shops:
D:10 ([

Annotations:
D:7 Prince Ribbit
D:11 Snorg


Message History

Unknown command.
You slice Snorg!!
Snorg is moderately wounded.
Snorg bites you! Snorg claws you. Snorg closely misses you. Snorg bites you!
Snorg claws you. Snorg barely misses you.
Unknown command.
You barely miss Snorg.
Snorg is moderately wounded.
Snorg bites you!! Snorg claws you but does no damage. Snorg claws you!
* * * LOW HITPOINT WARNING * * *
Unknown command.
You barely miss Snorg.
Snorg is moderately wounded.
Unknown command.
You slice Snorg!!
Snorg is heavily wounded.
Snorg bites you!
* * * LOW HITPOINT WARNING * * *
Snorg claws you!!
You die...

.. . #..... .# .# ..
#...Y#####.# #.# ...
#....#.....# #.+
##>##....#.....# #.#
.......YY#.....#### #.#
.........#.@....... ####.#
..o..9...#T###########....#
........oY................#
#.........o...............##
#..################.....C...
#......... #.........
#......... #.........


You could see Snorg (berserk), a yak and 2 orcs.

Vanquished Creatures
  5 yaks (D:10)
  A hog (D:8)
  A hippogriff (D:10)
  A black bear (D:7)
  2 orc warriors
  An ogre (D:7)
  A crocodile (D:10)
  A giant frog (D:10)
  2 scorpions
  A water moccasin skeleton (D:9)
  A crimson imp (D:10)
  A quasit (D:10)
  2 hounds
  A jelly (D:10)
  3 orc priests (D:9)
  A giant frog skeleton (D:6)
  An iguana (D:6)
  7 orc wizards
  2 worker ants (D:7)
  A hound zombie (D:10)
  A worker ant zombie (D:7)
  5 adders
  4 gnolls (D:6)
  A shadow imp (D:7)
  2 giant geckos
  16 orcs
  A giant cockroach (D:3)
  A hobgoblin (D:2)
  2 jackals (D:5)
  2 quokkas
  A bat (D:3)
  A quokka skeleton (D:10)
  4 rats
77 creatures vanquished.

Notes
Turn   | Place    | Note
--------------------------------------------------------------
     0 | D:1      | 4thArraOfDagon the Hill Orc Berserker began the quest for the Orb.
     0 | D:1      | Reached XP level 1. HP: 19/19 MP: 1/1
   123 | D:3      | Reached XP level 2. HP: 17/27 MP: 2/2
   126 | D:3      | Found a shadowy altar of Dithmenos.
   146 | D:3      | You fall through a shaft for 2 floors!
   146 | D:5      | Entered Level 5 of the Dungeon
   291 | D:6      | Noticed a phantom
   299 | D:6      | Reached XP level 3. HP: 33/33 MP: 3/3
   300 | D:6      | Reached skill level 5 in Axes
   315 | D:5      | Reached XP level 4. HP: 36/40 MP: 4/4
   436 | D:6      | Noticed an orc warrior
   457 | D:7      | Got a faintly glowing dagger
   460 | D:7      | Identified the +8 dagger of Prudence {freeze, MP+9 Dex+4} (You found it on level 7 of the Dungeon)
   547 | D:7      | Noticed a black bear
   552 | D:7      | Reached ** piety under Trog
   552 | D:7      | Reached skill level 6 in Axes
   552 | D:7      | Reached XP level 5. HP: 25/47 MP: 5/5
   557 | D:7      | Killed a black bear
   557 | D:7      | Reached XP level 6. HP: 12/55 MP: 6/6
   560 | D:7      | Reached skill level 5 in Fighting
   560 | D:7      | Reached skill level 7 in Axes
   660 | D:6      | Killed an orc warrior
   755 | D:6      | Reached XP level 7. HP: 50/61 MP: 7/7
   843 | D:7      | Reached skill level 8 in Axes
   863 | D:7      | Noticed Prince Ribbit
   979 | D:8      | Noticed a hog
   990 | D:8      | Killed a hog
   990 | D:8      | Reached skill level 5 in Armour
  1054 | D:9      | Reached skill level 9 in Axes
  1054 | D:9      | Reached XP level 8. HP: 71/71 MP: 8/8
  1184 | D:9      | Found an iron altar of Okawaru.
  1234 | D:10     | Entered Level 10 of the Dungeon
  1239 | D:10     | Noticed a yak
  1240 | D:10     | Noticed a yak
  1240 | D:10     | Noticed a yak
  1241 | D:10     | Noticed a yak
  1244 | D:10     | Noticed a yak
  1255 | D:10     | Killed a yak
  1255 | D:10     | Reached skill level 10 in Axes
  1257 | D:10     | Killed a yak
  1257 | D:10     | Killed a yak
  1260 | D:10     | Killed a yak
  1260 | D:10     | Reached XP level 9. HP: 32/79 MP: 9/9
  1260 | D:10     | Reached skill level 11 in Axes
  1459 | D:10     | Found Pugg's Armour Boutique.
  1612 | D:10     | Found Dylluux's Antique Weapon Shop.
  1635 | D:10     | Bought a runed broad axe for 80 gold pieces
  1719 | D:11     | Found a staircase to the Orcish Mines.
  1719 | D:11     | Noticed Snorg
  1719 | D:11     | Noticed a gargoyle
  1734 | D:11     | Mangled by Snorg

Vault maps used:
D:1:      lightli_arrival_boilingwater
D:2:      grunt_temple_overflow_magic_moments, minmay_misc_feat_enclosed
D:3:      cheibriados_altar_1, lemuel_crystal_altar
D:4:      nemelex_altar_shiori
D:5:      elyvilon_altar_4, minmay_temple_entry_enclosed_plants, first_bread,
          okawaru_gym_becter, uniq_pikel
D:6:      basic_altar
D:7:      minitemple, uniq_prince_ribbit1
D:8:      kennysheep_town
D:9:      lemuel_zombie_altar_yredelemnul, lemuel_doored_altar, serial_shops,
          shop, basic_altar, david_nohive_1
D:10:     serial_shops, nicolae_shop_crystal, kennysheep_mini_moat
D:11:     orc_0_dummy, portal_ice_cave_entry_imps, serial_bayou_pond_c,
          uniq_psyche, uniq_maud, uniq_snorg

Action                   |  1- 3 |  4- 6 |  7- 9 || total
-------------------------+-------+-------+-------++-------
Melee: Hand axe          |    41 |    36 |   138 ||   215
       Dagger            |       |    20 |       ||    20
       War axe           |       |       |    33 ||    33
       Broad axe         |       |       |     7 ||     7
Invok: Berserk           |     1 |     4 |    10 ||    15
       Trog's Hand       |       |     3 |     6 ||     9
Evoke: Wand              |       |       |     3 ||     3
  Use: Potion            |       |     3 |       ||     3
       Scroll            |       |       |     7 ||     7
  Eat: Chunk             |       |     4 |    15 ||    19
